 Dungeon Crawl Stone Soup version 0.18.1-6-gd335043 (webtiles) character file.

678 Gottschkopf the Thaumaturge (level 7, -3/36 HPs)
             Began as a Deep Elf Conjurer on May 17, 2016.
             Slain by an orc priest (4 damage)
             ... on level 4 of the Dungeon on May 18, 2016.
             The game lasted 00:09:55 (2831 turns).

Gottschkopf the Thaumaturge (Deep Elf Conjurer)     Turns: 2831, Time: 00:09:56

Health: -3/36      AC:  2    Str:  8    XL:     7   Next: 34%
Magic:  0/21       EV: 13    Int: 22    God:
Gold:   57         SH:  0    Dex: 15    Spells: 5 memorised, 8 levels left

rFire  . . .     SeeInvis .     f - +3 dagger (vamp)
rCold  . . .     Gourm    .     a - +0 robe
rNeg   . . .     Faith    .     (no shield)
rPois  .         Spirit   .     (no helmet)
rElec  .         Dismiss  .     (no cloak)
rCorr  .         Reflect  .     (no gloves)
SustAt .         Harm     .     (no boots)
MR     .....                    (no amulet)
Stlth  ++........               (no ring)
                                s - +3 ring of strength

@: not resistant to hostile enchantments, unstealthy
A: no striking features
a: no special abilities


You were on level 4 of the Dungeon.
You were hungry.

You visited 1 branch of the dungeon, and saw 4 of its levels.

You collected 57 gold pieces.

Inventory:

Hand Weapons
 f - a +3 vampiric dagger (weapon)
 k - a cursed -2 dagger
Armour
 a - a +0 robe (worn)
Jewellery
 s - a +3 ring of strength (left hand)
 v - an uncursed ring of protection from fire {unknown}
Scrolls
 e - 5 scrolls of enchant armour {unknown}
 h - a scroll of blinking {unknown}
 i - 5 scrolls of identify {unknown}
 o - 2 scrolls of remove curse {unknown}
 p - a scroll of immolation {unknown}
 q - 2 scrolls of noise {unknown}
 r - 2 scrolls of magic mapping {unknown}
Potions
 d - a potion of invisibility {unknown}
 g - a potion of lignification {unknown}
 j - 2 potions of heal wounds {unknown}
 l - a potion of cancellation {unknown}
 t - 2 potions of curing {unknown}
 u - a potion of magic {unknown}
Books
 b - a book of Conjurations

   Spells                             Type                      Level
   a - Magic Dart                     Conjuration                  1
   b - Searing Ray                    Conjuration                  2
   c - Dazzling Spray                 Conjuration/Hexes            3
   d - Fulminant Prism                Conjuration/Hexes            4
   e - Iskenderun's Mystic Blast      Conjuration                  4
   f - Iskenderun's Battlesphere      Conjuration/Charms           5
Comestibles
 c - 2 bread rations
 m - a beef jerky
 n - 3 meat rations


   Skills:
 - Level 2.4 Dodging
 - Level 2.4 Stealth
 + Level 9.2 Spellcasting
 - Level 6.6 Conjurations


You had 8 spell levels left.
You knew the following spells:

 Your Spells              Type           Power        Failure   Level  Hunger
a - Magic Dart            Conj           ####         1%          1    None
b - Searing Ray           Conj           #####.       1%          2    None
c - Iskenderun's Mystic   Conj           #####...     6%          4    ##.....
d - Fulminant Prism       Conj/Hex       ###.......   17%         4    ##.....
e - Iskenderun's Battles  Conj/Chrm      ###.....     50%         5    ####...


Dungeon Overview and Level Annotations

Branches:
Dungeon (4/15)
 Temple: D:4-7

Altars:
Makhleb


Message History

The searing ray hits the orc priest.
The orc priest is almost dead.
The orc priest shouts!
The orc shouts!
The orc priest calls down the wrath of Beogh upon you.
Beogh smites you!
* * * LOW HITPOINT WARNING * * *
The searing ray misses the orc priest.
The searing ray hits the orc priest.
You kill the orc priest!
Without enough magic to sustain it, your searing ray dissipates.
The orc priest casts a cantrip, but nothing happens.
Casting: Searing Ray
Confirm with . or Enter, or press ? or * to list all spells.
Aiming: Magic Dart
Press: ? - help, Shift-Dir - straight line, f - orc priest
Aim: an orc priest, wearing a ring mail The magic dart hits the orc priest.
The orc priest is moderately wounded.
The orc priest hits you.
You die...

....#######..#...
.............##... ..
#...#.........#......#. .
#...................#.. # #o
#....#o.#...#..........
#.##.##....o..#.....#.##..###
#.....$..#.#o.............# #
#.....%.#.#o.........#..## #
#.........#@...........#####
#...................#...>.#.
#......รท....................
#....[.........#............
#..............#............
#..............#............
##.............#............
#.#######....##............
#. ##...#####.........


You could see 2 orc priests, an orc wizard and an orc.

Vanquished Creatures
  A hungry ghost (D:4)
  A phantom (D:4)
  An ogre (D:4)
  A scorpion (D:4)
  A crimson imp (D:4)
  2 hounds (D:3)
  An orc priest (D:4)
  Terence (D:3)
  An orc wizard (D:3)
  A worker ant (D:4)
  5 gnolls
  3 adders (D:3)
  An ooze (D:3)
  A dart slug (D:1)
  6 giant geckos
  6 orcs
  A giant cockroach (D:3)
  6 goblins
  6 hobgoblins
  2 jackals (D:2)
  3 quokkas (D:3)
  A ball python (D:1)
  3 bats
  2 giant gecko skeletons (D:4)
  4 giant newts
  2 kobolds
  11 rats
74 creatures vanquished.

Vanquished Creatures (others)
  A fulminant prism (D:4)
1 creature vanquished.

Grand Total: 75 creatures vanquished

Notes
Turn   | Place    | Note
--------------------------------------------------------------
     0 | D:1      | Gottschkopf the Deep Elf Conjurer began the quest for the Orb.
     0 | D:1      | Reached XP level 1. HP: 10/10 MP: 6/6
   147 | D:1      | Reached XP level 2. HP: 5/15 MP: 8/8
   353 | D:1      | Reached skill level 5 in Conjurations
   494 | D:1      | Reached XP level 3. HP: 19/19 MP: 6/9
  1068 | D:2      | You fall through a shaft!
  1068 | D:3      | Noticed Terence
  1082 | D:4      | Reached XP level 4. HP: 21/24 MP: 5/10
  1336 | D:3      | Learned a level 2 spell: Searing Ray
  1341 | D:3      | Learned a level 4 spell: Iskenderun's Mystic Blast
  1364 | D:3      | Killed Terence
  1452 | D:3      | Reached XP level 5. HP: 28/28 MP: 10/12
  1501 | D:3      | Reached skill level 4 in Spellcasting
  1772 | D:3      | Reached skill level 5 in Spellcasting
  2255 | D:3      | Found a burning altar of Makhleb.
  2291 | D:3      | Reached skill level 6 in Spellcasting
  2291 | D:3      | Reached XP level 6. HP: 30/32 MP: 12/17
  2300 | D:3      | Learned a level 4 spell: Fulminant Prism
  2306 | D:3      | Learned a level 5 spell: Iskenderun's Battlesphere
  2506 | D:4      | Noticed a hungry ghost
  2512 | D:4      | Killed a hungry ghost
  2512 | D:4      | Reached skill level 7 in Spellcasting
  2657 | D:4      | Reached skill level 8 in Spellcasting
  2657 | D:4      | Reached XP level 7. HP: 24/36 MP: 0/21
  2786 | D:4      | Reached skill level 9 in Spellcasting
  2827 | D:4      | HP: 1/36 [orc priest/divine providence (12)]
  2831 | D:4      | Slain by an orc priest

Skill      XL: |  1  2  3  4  5  6  7 |
---------------+----------------------+-----
Conjurations   | 5 6 |  6.6
Spellcasting   | 6 8 9 |  9.2
Dodging        | |  2.4
Stealth        | |  2.4

Action                   |  1- 3 |  4- 6 |  7- 9 || total
-------------------------+-------+-------+-------++-------
Melee: Dagger            |    15 |    17 |       ||    32
 Cast: Magic Dart        |    41 |    98 |    19 ||   158
       Searing Ray       |       |     3 |     2 ||     5
       Iskenderun's Myst |       |     5 |     1 ||     6
       Fulminant Prism   |       |     1 |       ||     1
  Eat: Bread ration      |     1 |       |       ||     1
       Chunk             |       |     5 |     1 ||     6
Armor: Robe              |     1 |     4 |       ||     5
Dodge: Dodged            |    11 |    32 |     1 ||    44
